 Seeded DCSS version 0.29.1-15-g9cfb28693d (webtiles) character file.

Game seed: 16814609885328743250 (custom seed)

278 Gelion the Sneak (level 6, 0/37 HPs)
             Began as a Kobold Brigand on June 18, 2023.
             Frozen to death by an endoplasm (3 damage)
             ... on level 4 of the Dungeon.
             The game lasted 00:04:23 (2805 turns).

Gelion the Sneak (Kobold Brigand)                   Turns: 2805, Time: 00:04:24

Health: 0/37       AC:  3    Str:  8    XL:     6   Next: 51%
Magic:  6/6        EV: 14    Int: 13    God:
Gold:   181        SH:  0    Dex: 18    Spells: 5/5 levels left

rFire   . . .      SeeInvis .   k - +2 dagger (elec)
rCold   . . .      Faith    .   (no shield)
rNeg    . . .      Spirit   .   b - +0 robe
rPois   .          Reflect  .   (no helmet)
rElec   .          Harm     .   c - +0 cloak
rCorr   .          Rampage  .   (no gloves)
Will    .....                   (no boots)
Stlth   +++.......              (no amulet)
HPRegen 0.12/turn               (no ring)
MPRegen 0.10/turn               (no ring)

@: weak-willed, very slow
A: small, no large weapons, nightstalker 3
a: no special abilities


You were on level 4 of the Dungeon.
You visited 1 branch of the dungeon, and saw 4 of its levels.

You collected 181 gold pieces.

Inventory:

Hand Weapons
 k - a +2 dagger of electrocution (weapon)
Missiles
 d - 9 poisoned darts (quivered)
 e - 3 curare-tipped darts
Armour
 b - a +0 robe (worn)
 c - a +0 cloak (worn)
Jewellery
 m - a ring of willpower
Wands
 x - a wand of mindburst (4)
Scrolls
 a - a scroll of enchant weapon
 g - 2 scrolls of teleportation
 i - 2 scrolls of blinking
Potions
 f - 2 potions of might
 h - a potion of ambrosia {unknown}
 l - 2 potions of degeneration {unknown}
 n - a potion of heal wounds
 p - 4 potions of curing
 q - 2 potions of lignification {unknown}
 s - a potion of magic {unknown}
 w - a potion of flight {unknown}
 z - a potion of haste {unknown}


   Skills:
 + Level 3.6 Fighting
 * Level 5.7 Short Blades
 - Level 2.1 Throwing
 - Level 1.2 Dodging
 * Level 7.7 Stealth


You had 5 spell levels left.
You didn't know any spells.
Your spell library contained the following spells:

 Spells                   Type           Power      Damage    Failure   Level
 Portal Projectile        Hex/Tloc       0%         N/A       67%         3
 Tukima's Dance           Hex            0%         N/A       67%         3
 Animate Armour           Summ/Erth      0%         N/A       97%         4
 Passage of Golubria      Tloc           0%         N/A       97%         4
 Yara's Violent Unravell  Hex/Tmut       0%         3d3       100%        5
 Haunt                    Necr/Summ      0%         N/A       100%        7


Dungeon Overview and Level Annotations

Branches:
Dungeon (4/15)
 Temple: D:4-7

Altars:


Innate Abilities, Weirdness & Mutations

You are small and have problems with some larger weapons.
You are completely attuned to the shadows.


Message History

Menkaure is almost destroyed.
You hear the slow hiss of a very distant avalanche of sand.
Menkaure misses you.
You hit Menkaure.
Menkaure is almost destroyed.
Menkaure closely misses you.
You hit Menkaure.
Menkaure is almost destroyed.
Menkaure calls on the powers of darkness!
Your body is wracked with pain!
The endoplasm convulses! x2
You hit Menkaure.
You destroy Menkaure!
You have reached level 6!
You hit the endoplasm.
The endoplasm is severely wounded.
You hit the endoplasm.
The endoplasm is almost dead.
The endoplasm freezes you.
You are frozen.
* * * LOW HITPOINT WARNING * * *
You hit the endoplasm.
You kill the endoplasm!
The endoplasm hits you but does no damage.
The endoplasm closely misses you.
There is a stone staircase leading up here.
You barely miss the endoplasm.
The endoplasm is moderately wounded.
The endoplasm freezes you.
You are frozen.
* * * LOW HITPOINT WARNING * * *
The endoplasm splashes around in the water.
You hit the endoplasm.
You kill the endoplasm!
The endoplasm completely misses you.
You enter the shallow water.
Moving in this stuff is going to be slow.
Found 7 gold pieces.
The endoplasm freezes you.
You are frozen.
You die...

..~≈≈~~
##~~≈≈~#
..~≈≈~~#
..~≈≈~.#
..~J@~.#
...#<#.# ..
#.# ..
$###.######
......?....
####.######
...# #####


You could see an endoplasm.

Vanquished Creatures
  Menkaure (D:4)
  An orc priest (D:3)
  Jessica (D:2)
  An orc wizard (D:3)
  2 worms (D:3)
  2 dart slugs
  2 orcs (D:3)
  3 ball pythons (D:2)
  6 endoplasms
  5 goblins
  3 hobgoblins (D:2)
  13 jackals
  6 quokkas
  7 bats
  2 frilled lizards
  6 kobolds
  A rat (D:2)
62 creatures vanquished.

Notes
Turn   | Place    | Note
-------+----------+-------------------------------------------
     0 | D:1      | Gelion the Kobold Brigand began the quest for the Orb.
     0 | D:1      | Reached XP level 1. HP: 12/12 MP: 1/1
   342 | D:1      | Reached XP level 2. HP: 18/18 MP: 2/2
   606 | D:1      | Found a faded altar of an unknown god.
   678 | D:2      | Reached XP level 3. HP: 13/22 MP: 3/3
   989 | D:2      | Noticed Jessica
   993 | D:2      | Killed Jessica
   994 | D:2      | Reached skill level 6 in Stealth
   994 | D:2      | Reached XP level 4. HP: 27/27 MP: 4/4
  1461 | D:2      | Got the Anthology of Topological Accomplices
  2213 | D:3      | Reached XP level 5. HP: 32/32 MP: 5/5
  2228 | D:3      | Reached skill level 7 in Stealth
  2459 | D:3      | Reached skill level 5 in Short Blades
  2787 | D:4      | Noticed Menkaure
  2798 | D:4      | Killed Menkaure
  2799 | D:4      | Reached XP level 6. HP: 12/37 MP: 6/6
  2805 | D:4      | Frozen to death by an endoplasm

Illustrated notes

Levels and vault maps discovered:
D:1:      dpeg_arrival_tiny_j, layout_rooms,
          shapermc_ecumenical_altar_totnotflames
D:2:      layout_loops_ring, kennysheep_jessica_study
D:3:      layout_loops_corners
D:4:      wander_river, layout_loops_ring, lemuel_zombie_altar_yredelemnul,
          minmay_temple_entry_proselytizer, nicolae_ossuary_entry_ruins,
          minmay_misc_feat_doors, sigmund_edmund_badplayer, uniq_duvessa,
          uniq_menkaure

Skill      XL: |  1  2  3  4  5 |
---------------+----------------+-----
Short Blades   | 3 4 5 |  5.7
Stealth        | 6 7 |  7.7
Fighting       | 3 |  3.6
Throwing       | |  2.1
Dodging        | |  1.2

Action                   |  1- 3 |  4- 6 || total
-------------------------+-------+-------++-------
Melee: Dagger            |    49 |   108 ||   157
       Punch             |       |     1 ||     1
  Use: Scroll            |       |    11 ||    11
 Stab: Sleeping          |    13 |    13 ||    26
       Distracted        |     1 |       ||     1
Armor: Robe              |     7 |    15 ||    22
Dodge: Dodged            |    20 |    75 ||    95
